 Dungeon Crawl Stone Soup version 0.17-a0-1301-ga863c44 (webtiles) character file.

723 Fluffy the Basher (level 7, -1/41 HPs)
             Began as a Gargoyle Fighter on June 7, 2015.
             Slain by a mummy (15 damage)
             ... in an ossuary.
             The game lasted 00:10:19 (3776 turns).

Fluffy the Basher (Gargoyle Fighter)                Turns: 3776, Time: 00:10:19

Health: -1/41      AC: 10    Str: 20    XL:     7   Next: 71%
Magic:  7/7        EV:  7    Int:  8    God:
Gold:   238        SH:  9    Dex: 11    Spells: 0 memorised, 6 levels left

rFire  . . .     SeeInvis .     a - +0 flail
rCold  . . .     Clarity  .     o - -2 scale mail (curse)
rNeg   + + .     SustAt   .     c - +0 shield
rPois  ∞         Gourm    .     (no helmet)
rElec  +         Spirit   .     (no cloak)
rCorr  .         Warding  +     (no gloves)
rMut   .         Rnd*Tele +     n - +0 pair of boots
MR     .....                    i - amulet of warding
Stlth  ..........               (no ring)
                                k - ring of teleportation (curse)

@: not resistant to hostile enchantments, extremely unstealthy
A: negative energy resistance 1, electricity resistance, unbreathing,
petrification resistance, rot immunity, AC +4
a: Evoke Teleportation


You were in an ossuary.
You were not hungry.

You visited 1 branch of the dungeon, and saw 4 of its levels.
You also visited: Ossuary.

You collected 238 gold pieces.

Inventory:

Hand weapons
 a - a +0 flail (weapon)
Armour
 c - a +0 shield (worn)
 l - a +0 chain mail
 n - a +0 pair of boots (worn)
 o - a cursed -2 scale mail (worn)
Jewellery
 i - an amulet of warding (around neck)
 k - a cursed ring of teleportation (left hand)
Scrolls
 g - a scroll of identify
 j - a scroll of teleportation
Potions
 d - a potion of magic {unknown}
 h - 2 potions of curing
Comestibles
 b - 2 meat rations
 e - 5 bread rations
 f - a slice of pizza


   Skills:
 - Level 3.2 Fighting
 + Level 8.5 Maces & Flails
 - Level 3.2 Armour
 - Level 3.2 Shields


You had 6 spell levels left.
You didn't know any spells.

Dungeon Overview and Level Annotations

Branches:
Dungeon (4/15)
 Temple: D:4-7

Altars:
Dithmenos
Kikubaaqudgha
Vehumet


Innate Abilities, Weirdness & Mutations

You are resistant to torment.
Your stone body is resilient (AC +4).
You are immune to poison.
You resist negative energy.
You are resistant to electric shocks.
You can survive without breathing.
You are immune to petrification.
You are immune to rotting.


Message History

You sock the centaur zombie!
You destroy the centaur zombie!
You see here a bog body corpse.
There is an open door here.
You close the door.
You start resting.
You are feeling hungry.
Eat a chunk of flesh? (ye/n/q/i?) This raw flesh tastes terrible.
You continue eating. x2
You start resting.
You are suddenly yanked towards some nearby monsters!
Your surroundings suddenly seem different.
Splash!
You fall into the shallow water.
Moving in this stuff is going to be slow.
A decayed bog body comes into view.
The decayed bog body gestures at you while chanting.
The puff of frost hits you! The mummy hits you!
You die...

#.#∩..#.≈P#
#Z#####.≈##
M. ≈≈.P# #.
###≈###
?#.+P##
'≈#≈≈ #.≈n
.#####.≈###
≈.≈.≈≈.@P≈#
M#.≈.n.M≈##
P≈.n.≈P≈##
####≈≈Z#Z
#### #


You could see 3 decayed bog bodies, 2 mummies, a giant frog zombie and a
trapdoor spider zombie.

Vanquished Creatures
  An ogre (D:3)
  2 big kobolds (D:3)
  A bog body (Ossuary)
  A centaur zombie (Ossuary)
  An orc priest (D:3)
  3 orc wizards
  3 mummies (Ossuary)
  6 gnolls (D:3)
  6 adders
  An ooze (D:1)
  An adder zombie (Ossuary)
  A worm (D:3)
  17 orcs
  8 bats
  A bat zombie (Ossuary)
  6 giant cockroaches
  30 hobgoblins
  8 jackals (D:1)
  2 quokkas (D:2)
  2 giant geckos (D:1)
  3 giant newts
  36 goblins
  8 kobolds
  12 rats
  A rat zombie (D:4)
161 creatures vanquished.

Vanquished Creatures (others)
  A rat (D:3)
1 creature vanquished.

Grand Total: 162 creatures vanquished

Notes
Turn   | Place    | Note
--------------------------------------------------------------
     0 | D:1      | Fluffy the Gargoyle Fighter began the quest for the Orb.
     0 | D:1      | Reached XP level 1. HP: 14/14 MP: 1/1
   137 | D:1      | Reached XP level 2. HP: 16/19 MP: 2/2
   541 | D:1      | You fall through a shaft!
   541 | D:2      | Found a radiant altar of Vehumet.
   768 | D:1      | Reached XP level 3. HP: 23/23 MP: 3/3
  1025 | D:2      | Reached skill level 4 in Maces & Flails
  1048 | D:2      | Reached XP level 4. HP: 23/28 MP: 4/4
  1063 | D:2      | Found a shadowy altar of Dithmenos.
  1063 | D:2      | Found an ancient bone altar of Kikubaaqudgha.
  1524 | D:3      | Reached skill level 5 in Maces & Flails
  1526 | D:3      | Reached XP level 5. HP: 22/32 MP: 5/5
  2003 | D:3      | Noticed an ogre
  2022 | D:3      | Killed an ogre
  2022 | D:3      | Reached skill level 6 in Maces & Flails
  2022 | D:3      | Reached XP level 6. HP: 5/37 MP: 6/6
  2299 | D:3      | Noticed a big kobold
  2299 | D:3      | Noticed a big kobold
  2306 | D:3      | Killed a big kobold
  2315 | D:3      | Killed a big kobold
  2315 | D:3      | Reached skill level 7 in Maces & Flails
  2390 | D:3      | Reached XP level 7. HP: 7/41 MP: 7/7
  2407 | D:3      | HP: 2/41 [goblin (2)]
  3515 | D:4      | Reached skill level 8 in Maces & Flails
  3614 | D:4      | Found a sand-covered staircase.
  3636 | Ossuary  | Entered an ossuary
  3776 | Ossuary  | Slain by a mummy

Vault maps used:
D:1:      dpeg_arrival_water_temple_mockup
D:2:      fiery_altar_vehumet, gammafunk_temple_overflow_wave, first_bread
D:3:      minmay_goblin_kobold_castle
D:4:      enter_ossuary_3, serial_shops, kennysheep_mini_moat
Ossuary:  ossuary_zaba_flooded

Action                   |  1- 3 |  4- 6 |  7- 9 || total
-------------------------+-------+-------+-------++-------
Melee: Flail             |   153 |   187 |   238 ||   578
  Use: Scroll            |       |     5 |     1 ||     6
       Potion            |       |     2 |     1 ||     3
  Eat: Chunk             |     1 |     5 |     5 ||    11
